 Dungeon Crawl Stone Soup version 0.28-a0-233-gb8ca4b6547 (webtiles) character file.

Game seed: 14580312086256968133

44 timneilson the Shield-Bearer (level 3, -3/23 HPs)
             Began as a Gargoyle Fighter on Aug 22, 2021.
             Killed from afar by an orc wizard (7 damage)
             ... with a puff of flame
             ... on level 3 of the Dungeon.
             The game lasted 00:02:35 (2167 turns).

timneilson the Shield-Bearer (Gargoyle Fighter)     Turns: 2167, Time: 00:02:35

Health: -3/23      AC: 12    Str: 20    XL:     3   Next: 62%
Magic:  3/3        EV:  7    Int:  8    God:
Gold:   28         SH:  0    Dex:  9    Spells: 2/2 levels left

rFire   . . .      SeeInvis .   a - +0 long sword
rCold   . . .      Faith    .   c - +0 kite shield
rNeg    + . .      Spirit   .   b - +0 scale mail
rPois   ∞          Reflect  .   i - +2 hat
rElec   +          Harm     .   (no cloak)
rCorr   .          Rampage  .   (no gloves)
Will    .....                   (no boots)
Stlth   ..........              (no amulet)
HPRegen 0.07/turn               (no ring)
MPRegen 0.08/turn               (no ring)

@: confused
A: sickness immunity, AC +3, negative energy resistance 1, electricity
resistance, torment resistance 1, petrification resistance
a: no special abilities


You were on level 3 of the Dungeon.
You visited 1 branch of the dungeon, and saw 3 of its levels.

You collected 28 gold pieces.

Inventory:

Hand Weapons
 a - a +0 long sword (weapon)
Armour
 b - a +0 scale mail (worn)
 c - a +0 kite shield (worn)
 i - a +2 hat (worn)
Jewellery
 g - a ring of fire
Scrolls
 e - a scroll of teleportation {unknown}
 f - 2 scrolls of identify
Potions
 d - a potion of might
 h - a potion of haste {unknown}
 j - 2 potions of curing
 k - a potion of attraction {unknown}


   Skills:
 + Level 3.5 Fighting
 * Level 2.4 Long Blades
 * Level 3.7 Armour
 * Level 3.9 Shields


You had 2 spell levels left.
You didn't know any spells.
Your spell library was empty.

Dungeon Overview and Level Annotations

Branches:
Dungeon (3/15)

Altars:


Innate Abilities, Weirdness & Mutations

You are immune to sickness and miasma.
Your stone body is resilient. (AC +3)
You are immune to poison.
You resist negative energy. (rN+)
You are resistant to electric shocks. (rElec)
You are resistant to unholy torment.
You are immune to petrification.


Message History

You miss something.
Something hits you but does no damage. x2
You feel better. Something hits you.
You feel better. Something hits you but does no damage.
You closely miss something. Something hits you but does no damage.
You miss something.
Something hits you but does no damage. x2
You miss something. You block something's attack.
You miss something.
An orc wizard appears from thin air!
Reactivating autopickup.
The orc wizard hits you but does no damage.
You block the orc wizard's attack.
You miss the orc wizard.
The orc wizard gestures wildly while chanting.
The orc wizard flickers and vanishes!
Deactivating autopickup; reactivate with Ctrl-A.
You hit something but do no damage. You block something's attack. x2
Your scale mail prevents you from hitting something.
You hear some strange, mumbled words.
You are confused.
You're too confused to move!
Something hits you.
You bump into the rock wall.
Something completely misses you.
You bump into the rock wall.
Something hits you.
You closely miss something.
Something hits you but does no damage. x2
You bump into the rock wall.
You feel less confused. Something hits you but does no damage.
You closely miss something. Something hits you.
You closely miss something. Something hits you but does no damage.
You hear some strange, mumbled words.
You are confused.
You bump into the rock wall.
Something hits you but does no damage.
You bump into the rock wall.
You hear some strange, mumbled words.
A puff of flame appears from out of thin air!
The puff of flame hits you!
* * * LOW HITPOINT WARNING * * *
You completely miss something.
You hear some strange, mumbled words.
A puff of flame appears from out of thin air!
The puff of flame hits you!
You die...

#..###.###.#...##.###
##.## ##.##...#.##.#
##.## #.#>#...##.###
#<.# #.............
#..# ##.###.#..#.###
#.#.# ##..# #.#..#.#
#.##.###.#.###.#..#.#
#.# #..........#.(#.#
#.# ##@###..........#
#.# #{##...........#
..# #o##.#####.#.#.##
#.##.# .......#.##
#.##.# ###.#.###.#
#.##.# #..## ##.
#.##.# #)# #.# #.##.#
#.# #.# #.##.# . #.#


You could see an orc.

Vanquished Creatures
  A dart slug (D:2)
  2 orcs (D:3)
  3 ball pythons
  4 endoplasms
  2 giant cockroaches (D:1)
  2 goblins
  3 hobgoblins (D:2)
  5 kobolds
  2 quokkas
  5 bats
  3 frilled lizards
  6 rats
38 creatures vanquished.

Notes
Turn   | Place    | Note
-------+----------+-------------------------------------------
     0 | D:1      | timneilson the Gargoyle Fighter began the quest for the
                  | Orb.
     0 | D:1      | Reached XP level 1. HP: 14/14 MP: 1/1
   461 | D:1      | Reached XP level 2. HP: 17/19 MP: 2/2
  1229 | D:2      | Reached XP level 3. HP: 23/23 MP: 3/3
  1437 | D:2      | Found a faded altar of an unknown god.
  2167 | D:3      | Killed from afar by an orc wizard

Illustrated notes

Levels and vault maps discovered:
D:1:      lightli_arrival_maybe_door_vault, layout_loops_ring
D:2:      layout_basic, hellmonk_ecumenical_altar_inner_sanctum,
          kennysheep_boxes
D:3:      layout_loops_ring, st_stairs_2

Skill      XL: |  1 |
---------------+----+-----
Long Blades    | 2 |  2.4
Fighting       | |  3.5
Armour         | |  3.7
Shields        | |  3.9

Action                   || total
-------------------------++-------
Melee: Long sword        ||   145
  Use: Scroll            ||     5
       Potion            ||     2
Armor: Scale mail        ||    97
Dodge: Dodged            ||    37
Block: Kite shield       ||    80
       Rpst.: Long sword ||    11

Table legend: (Time is in decaauts)
 A = Elapsed time spent in this place.
 B = Non-inter-level travel time spent in this place.
 C = Inter-level travel time spent in this place.
 D = Time resting spent in this place.
 E = Time spent auto-exploring this place.
 F = Levels seen in this place.
 G = Mean time per level.
                   A        B        C        D        E       F      G
               +--------+--------+--------+--------+--------+-----+--------+
         Total |   2275 |   2200 |     75 |      0 |   1785 |   3 |  758.3 |
       Dungeon |   2275 |   2200 |     75 |      0 |   1785 |   3 |  758.3 |
               +--------+--------+--------+--------+--------+-----+--------+

Top non-repeatable levels by time:
     D:1: 1193 daAuts
     D:2: 925 daAuts
     D:3: 156 daAuts
